 Dungeon Crawl Stone Soup version 0.30-a0-778-g2ef04afb54 (webtiles) character file.

Game seed: 1373722608616259527

50 funkygono the Firebug (level 3, 0/19 HPs)
             Began as a Gargoyle Fire Elementalist on Feb 16, 2023.
             Slain by Terence
             ... wielding a +0 hand axe of venom
              (3 damage)
             ... on level 2 of the Dungeon.
             The game lasted 00:02:05 (1856 turns).

funkygono the Firebug (Gargoyle Fire Elementalist)  Turns: 1856, Time: 00:02:06

Health: 0/19       AC:  5    Str: 11    XL:     3   Next: 79%
Magic:  0/6        EV: 12    Int: 17    God:
Gold:   100        SH:  0    Dex: 10    Spells: 1/7 levels left

rFire   . . .      SeeInvis .    h - +0 whip
rCold   . . .      Faith    .    (no shield)
rNeg    + . .      Spirit   .    a - +0 robe
rPois   ∞          Reflect  .    (no helmet)
rElec   +          Harm     .    (no cloak)
rCorr   .          Rampage  .    (no gloves)
Will    .....                    (no boots)
Stlth   ++                       (no amulet)
HPRegen 0.23/turn                (no ring)
MPRegen 0.10/turn                (no ring)

@: very slightly contaminated
A: sickness immunity, AC +3, negative energy resistance 1, electricity
resistance, torment resistance 1, petrification resistance
a: no special abilities


You were on level 2 of the Dungeon.
You visited 1 branch of the dungeon, and saw 2 of its levels.

You collected 100 gold pieces.

Inventory:

Hand Weapons
 h - a +0 whip (weapon)
Armour
 a - a +0 robe (worn)
Scrolls
 c - 3 scrolls of identify {unknown}
 d - 2 scrolls of brand weapon {unknown}
 f - a scroll of poison {unknown}
 g - a scroll of fear {unknown}
 i - a scroll of fog {unknown}
 j - a scroll of teleportation {unknown}
Potions
 e - a potion of degeneration {unknown}
 k - a potion of lignification {unknown}
 l - a potion of might {unknown}


   Skills:
 + Level 1.6 Dodging
 - Level 2.1 Stealth
 + Level 2.6 Spellcasting
 + Level 1.6 Conjurations
 + Level 3.8 Fire Magic


You had one spell level left.
You knew the following spells:

 Your Spells              Type           Power      Damage    Failure   Level
a - Foxfire               Conj/Fire      44%        2x1d6     6%          1
b - Scorch                Fire           30%        2d7       5%          2
c - Kindle Blastsparks    Fire/Tloc/Air  12%        2d11      32%         3

Your spell library contained the following spells:

 Spells                   Type           Power      Damage    Failure   Level
 Beastly Appendage        Tmut           4%         N/A       19%         1
 Inner Flame              Hex/Fire       8%         N/A       24%         3
 Wereblood                Tmut           2%         N/A       28%         2
 Spider Form              Tmut/Pois      2%         N/A       50%         3
 Flame Wave               Conj/Fire      11%        2d6       50%         4
 Summon Hydra             Summ           1%         N/A       100%        7
 Sublimation of Blood     Necr           Unusable   N/A       N/A         2

Dungeon Overview and Level Annotations

Branches:
Dungeon (2/15)

Altars:
Qazlal

Shops:
D:1 =

Annotations:
D:2 Terence


Innate Abilities, Weirdness & Mutations

You are immune to sickness and miasma.
Your stone body is resilient. (AC +3)
You are immune to poison.
You resist negative energy. (rN+)
You are resistant to electric shocks. (rElec)
You are resistant to unholy torment.
You are immune to petrification.


Message History

The foxfire hits Terence but does no damage.
Terence is lightly wounded.
Casting: Foxfire (safe; 6% risk of failure)
Confirm with . or Enter, or press ? or * to list all spells.
Flames lash Terence.
Terence is moderately wounded.
Terence's fire resistance burns away.
Terence closely misses you.
Casting: Scorch (safe; 5% risk of failure)
Confirm with . or Enter, or press ? or * to list all spells.
Flames lash Terence but do no damage.
Terence closely misses you.
Casting: Scorch (safe; 5% risk of failure)
Confirm with . or Enter, or press ? or * to list all spells.
Flames lash Terence.
Terence is burned terribly!
Terence is severely wounded.
Terence says, "How do you enjoy it?"
Terence hits you with a +0 hand axe of venom.
Casting: Scorch (safe; 5% risk of failure)
Confirm with . or Enter, or press ? or * to list all spells.
You don't have enough magic to cast this spell.
You barely miss Terence.
Terence is severely wounded.
Terence hits you with a +0 hand axe of venom.
You hit Terence but do no damage.
Terence is severely wounded.
Terence hits you with a +0 hand axe of venom.
* * * LOW HITPOINT WARNING * * *
Casting: Scorch (safe; 5% risk of failure)
Confirm with . or Enter, or press ? or * to list all spells.
You miscast Foxfire.
You are very lightly contaminated with residual magic.
Nothing appears to happen.
Terence hits you with a +0 hand axe of venom.
* * * LOW HITPOINT WARNING * * *
You hit Terence but do no damage.
Terence is severely wounded.
Terence misses you.
You barely miss Terence.
Terence is severely wounded.
Terence hits you with a +0 hand axe of venom.
You die...

###........ ..# #.. ....#######
#.# #.# ##..##...# #.# #.# #..
#..##.#.#######.# #.# #.#
#..##.#.##....#.# #.# #.#
##..#.....#....#.# #.# #.#
)..............#.# #.# #.#
...............#@###.# #.#
..........._..>.@....# #.#
...............####..####.#######
.......#.......# #..............
.......#.##....## #.#####.######.
................# #.#...#.# #.
.....#)#........###.#.#.#.# #.
.......#..........#.#.#.#.######.
.....###.......##.#.#.#.#........
.....###.......##.#.#.#.#.######.


You could see Terence (combustible).

Vanquished Creatures
  An adder (D:2)
  2 worms (D:2)
  4 bats
  4 endoplasms
  2 giant cockroaches (D:1)
  2 goblins (D:1)
  A hobgoblin (D:2)
  6 kobolds
  A quokka (D:2)
  6 ball pythons
  2 frilled lizards (D:2)
  4 rats
35 creatures vanquished.

Vanquished Creatures (others)
  111 foxfires
111 creatures vanquished.

Grand Total: 146 creatures vanquished

Notes
Turn   | Place    | Note
-------+----------+-------------------------------------------
     0 | D:1      | funkygono the Gargoyle Fire Elementalist began the quest
                  | for the Orb.
     0 | D:1      | Reached XP level 1. HP: 10/10 MP: 3/3
   251 | D:1      | Reached XP level 2. HP: 15/15 MP: 1/5
   254 | D:1      | Learned a level 2 spell: Scorch
   394 | D:1      | Found Toqicu's Jewellery Boutique.
   789 | D:2      | Reached XP level 3. HP: 19/19 MP: 3/6
   793 | D:2      | Learned a level 3 spell: Kindle Blastsparks
  1154 | D:2      | Found a stormy altar of Qazlal.
  1604 | D:2      | Identified the +1 dagger of the Pariah {heavy, rF+}
  1837 | D:2      | Noticed Terence
  1856 | D:2      | Slain by Terence

Illustrated notes

Levels and vault maps discovered:
D:1:      nagdon_arrival_double_spiral, layout_rooms, serial_shops, shop
D:2:      layout_basic, basic_altar, uniq_terence

Action                     || total
---------------------------++-------
  Melee: Whip              ||     9
   Cast: Foxfire           ||    65
         Scorch            ||     3
    Use: Potion            ||     1
 Armour: Robe              ||     5
  Dodge: Dodged            ||    13

Table legend: (Time is in decaauts)
 A = Elapsed time spent in this place.
 B = Non-inter-level travel time spent in this place.
 C = Inter-level travel time spent in this place.
 D = Time resting spent in this place.
 E = Time spent auto-exploring this place.
 F = Levels seen in this place.
 G = Mean time per level.
                   A        B        C        D        E       F      G
               +--------+--------+--------+--------+--------+-----+--------+
         Total |   1856 |   1840 |     16 |      0 |   1607 |   2 |  928.0 |
       Dungeon |   1856 |   1840 |     16 |      0 |   1607 |   2 |  928.0 |
               +--------+--------+--------+--------+--------+-----+--------+

Top non-repeatable levels by time:
     D:2: 1183 daAuts
     D:1: 673 daAuts
